General information
- name: BNet
- type: Ladder team game (AT/RT)
- host: Battle.net
- saver: broken_english
map: TidewaterGlades
- players: 4
- length: 34:29
- speed: Fast
- version: 1.26 W3XP
- replay type: Public
» download(163 KB)
Players
team 1 (winner)

»
broken_english (
purple | 72 APM | 2485 actions | 34:29)
7 Blademaster
3 Wind Walk
3 Critical Strike
1 Bladestorm
» actions
| Assign group hotkey | 145 | |
| Basic commands | 21 | |
| Build / train | 107 | |
| ESC pressed | 3 | |
| Enter build submenu | 31 | |
| Enter hero's abilities submenu | 7 | |
| Give item / drop item | 7 | |
| Right click | 993 | |
| Select / deselect | 308 | |
| Select group hotkey | 656 | |
| Use ability | 207 | |
2485 total
» units
| Peon | 10 | |
| Troll Batrider | 21 | |
| Goblin Shredder | 1 | |
| Goblin Zeppelin | 1 | |
| Goblin Sapper | 3 | |
| Wind Rider | 6 | |
| Shaman | 2 | |
| Troll Witch Doctor | 1 | |
45 total
» upgrades
| Reinforced Defenses | 1 | |
| Liquid Fire | 1 | |
| Ranged Weapons | 3 | |
| Armor | 4 | |
| Spiked Barricades | 1 | |
| Envenomed Spears | 1 | |
| War Drums Damage Increase | 1 | |
| Shaman Training | 2 | |
| Witch Doctor Training | 2 | |
16 total
» buildings
| Altar of Storms | 1 | |
| Orc Burrow | 8 | |
| War Mill | 1 | |
| Voodoo Lounge | 1 | |
| Watch Tower | 14 | |
| Stronghold | 1 | |
| Fortress | 1 | |
| Beastiary | 3 | |
| Spirit Lodge | 2 | |
32 total
» build order
00:10 Altar of Storms
00:13 Orc Burrow
00:27 War Mill
00:55 Voodoo Lounge
01:46 Watch Tower
02:24 Watch Tower
03:12 Stronghold
03:32 Watch Tower
03:35 Orc Burrow
03:37 Orc Burrow
04:25 Watch Tower
04:26 Watch Tower
05:35 Fortress
06:03 Beastiary
06:05 Beastiary
06:06 Beastiary
06:08 Orc Burrow
06:09 Orc Burrow
11:17 Watch Tower
11:17 Watch Tower
15:07 Watch Tower
15:08 Watch Tower
18:49 Spirit Lodge
18:51 Spirit Lodge
27:46 Watch Tower
27:46 Watch Tower
27:47 Watch Tower
27:47 Watch Tower
30:08 Orc Burrow
34:19 Orc Burrow
34:20 Orc Burrow
» items
| Lesser Clarity Potion | 10 | |
| Healing Salve | 6 | |
| Scroll of Speed | 2 | |
| Dust of Appearance | 1 | |
| Boots of Speed | 1 | |
| Staff of Teleportation | 1 | |
| Orb of Lightning | 1 | |
| Tiny Great Hall | 2 | |
| Scroll of Town Portal | 2 | |
| Potion of Lesser Invulnerability | 1 | |
| Potion of Healing | 3 | |
| Potion of Mana | 1 | |
31 total

»
gall (
orange | 80 APM | 2753 actions | 34:28)
7 Mountain King
3 Storm Bolt
3 Bash
1 Avatar
3 Paladin
2 Holy Light
1 Devotion Aura
» actions
| Assign group hotkey | 78 | |
| Basic commands | 27 | |
| Build / train | 126 | |
| Enter build submenu | 46 | |
| Enter hero's abilities submenu | 10 | |
| Give item / drop item | 4 | |
| Right click | 1347 | |
| Select / deselect | 338 | |
| Select group hotkey | 660 | |
| Use ability | 117 | |
2753 total
» units
| Peasant | 14 | |
| Gryphon Rider | 13 | |
| Goblin Shredder | 5 | |
| Flying Machine | 4 | |
| Priest | 2 | |
38 total
» upgrades
| Masonry | 3 | |
| Storm Hammers | 1 | |
| Armor | 3 | |
| Swords | 3 | |
| Cloud | 1 | |
| Lumber Harvesting | 1 | |
| Priest Training | 2 | |
| Magic Sentry | 1 | |
| Plating | 1 | |
| Sorceress Training | 1 | |
17 total
» buildings
| Altar of Kings | 1 | |
| Farm | 15 | |
| Scout Tower | 39 | |
| Lumber Mill | 1 | |
| Arcane Tower | 1 | |
| Guard Tower | 30 | |
| Keep | 2 | |
| Castle | 1 | |
| Gryphon Aviary | 3 | |
| Blacksmith | 1 | |
| Arcane Vault | 1 | |
| Arcane Sanctum | 1 | |
| Workshop | 1 | |
97 total
» build order
00:11 Altar of Kings
00:15 Farm
01:04 Scout Tower
01:09 Lumber Mill
01:17 Farm
01:23 Scout Tower
01:48 Arcane Tower
02:09 Scout Tower
02:19 Guard Tower
02:19 Guard Tower
02:38 Guard Tower
02:38 Guard Tower
03:38 Keep
04:33 Scout Tower
04:36 Scout Tower
04:38 Scout Tower
04:40 Scout Tower
04:42 Scout Tower
04:45 Scout Tower
04:47 Scout Tower
04:50 Farm
05:20 Guard Tower
05:20 Guard Tower
05:23 Guard Tower
05:24 Guard Tower
05:24 Guard Tower
05:24 Guard Tower
05:25 Guard Tower
05:25 Guard Tower
05:25 Guard Tower
06:01 Castle
06:03 Gryphon Aviary
06:05 Gryphon Aviary
06:07 Gryphon Aviary
06:08 Farm
08:15 Farm
08:17 Blacksmith
08:24 Farm
11:19 Scout Tower
11:20 Scout Tower
11:20 Scout Tower
11:21 Scout Tower
11:50 Guard Tower
12:35 Guard Tower
12:37 Scout Tower
12:37 Scout Tower
12:38 Scout Tower
12:38 Scout Tower
12:38 Scout Tower
13:11 Guard Tower
13:11 Guard Tower
13:11 Guard Tower
13:37 Guard Tower
13:37 Guard Tower
14:36 Farm
14:36 Farm
14:37 Farm
14:39 Farm
14:45 Farm
15:44 Arcane Vault
16:16 Farm
16:50 Farm
17:40 Farm
17:42 Farm
18:07 Scout Tower
18:09 Scout Tower
18:10 Scout Tower
18:11 Scout Tower
18:13 Scout Tower
18:14 Scout Tower
18:16 Scout Tower
18:17 Scout Tower
18:18 Scout Tower
18:19 Scout Tower
18:20 Scout Tower
18:22 Scout Tower
18:22 Scout Tower
18:25 Scout Tower
18:26 Scout Tower
18:26 Scout Tower
18:28 Scout Tower
18:28 Scout Tower
18:29 Scout Tower
19:09 Guard Tower
19:17 Guard Tower
19:46 Guard Tower
20:04 Guard Tower
20:12 Guard Tower
21:34 Guard Tower
24:46 Arcane Sanctum
27:07 Workshop
» items
| Boots of Speed | 4 | |
| Staff of Teleportation | 4 | |
| Lesser Clarity Potion | 2 | |
| Healing Salve | 1 | |
| Staff of Sanctuary | 2 | |
| Tiny Great Hall | 1 | |
| Scroll of Regeneration | 1 | |
| Potion of Healing | 1 | |
| Scroll of Speed | 1 | |
17 total
team 2 (loser)

»
Becareful (
yellow | 54 APM | 1876 actions | 34:28)
3 Shadow Hunter
1 Hex
2 Healing Wave
4 Blademaster
2 Wind Walk
2 Critical Strike
» actions
| Assign group hotkey | 11 | |
| Basic commands | 200 | |
| Build / train | 60 | |
| ESC pressed | 2 | |
| Enter build submenu | 28 | |
| Enter hero's abilities submenu | 7 | |
| Give item / drop item | 1 | |
| Remove unit from queue | 1 | |
| Right click | 664 | |
| Select / deselect | 411 | |
| Select group hotkey | 378 | |
| Use ability | 113 | |
1876 total
» units
| Peon | 8 | |
| Grunt | 4 | |
| Troll Batrider | 14 | |
| Kodo Beast | 1 | |
| Spirit Walker | 1 | |
| Tauren | 1 | |
| Troll Witch Doctor | 2 | |
31 total
» upgrades
| Melee Weapons | 1 | |
| Reinforced Defenses | 1 | |
| Armor | 1 | |
3 total
» buildings
| Altar of Storms | 1 | |
| Orc Burrow | 10 | |
| Barracks | 1 | |
| War Mill | 1 | |
| Voodoo Lounge | 2 | |
| Stronghold | 1 | |
| Watch Tower | 4 | |
| Beastiary | 3 | |
| Spirit Lodge | 1 | |
| Fortress | 4 | |
| Tauren Totem | 3 | |
| Great Hall | 1 | |
32 total
» build order
00:09 Altar of Storms
00:14 Orc Burrow
00:49 Barracks
01:30 Orc Burrow
01:53 War Mill
02:06 Voodoo Lounge
03:28 Stronghold
04:49 Watch Tower
05:17 Orc Burrow
06:43 Beastiary
07:16 Beastiary
07:28 Spirit Lodge
07:47 Orc Burrow
08:58 Fortress
08:58 Fortress
08:58 Fortress
11:28 Tauren Totem
12:52 Orc Burrow
12:54 Orc Burrow
12:57 Orc Burrow
13:00 Orc Burrow
13:31 Watch Tower
13:32 Watch Tower
13:55 Orc Burrow
13:57 Orc Burrow
14:03 Watch Tower
16:17 Beastiary
17:51 Tauren Totem
19:25 Tauren Totem
20:54 Voodoo Lounge
23:29 Great Hall
» items
| Boots of Speed | 2 | |
| Staff of Teleportation | 1 | |
| Healing Salve | 2 | |
| Potion of Healing | 2 | |
| Orb of Lightning | 1 | |
8 total
snowwolf (
blue | 63 APM | 2175 actions | 34:27)
6 Priestess of the Moon
2 Searing Arrows
3 Trueshot Aura
1 Starfall
» actions
| Assign group hotkey | 36 | |
| Basic commands | 11 | |
| Build / train | 112 | |
| ESC pressed | 13 | |
| Enter build submenu | 33 | |
| Enter hero's abilities submenu | 6 | |
| Right click | 629 | |
| Select / deselect | 609 | |
| Select group hotkey | 630 | |
| Use ability | 96 | |
2175 total
» units
| Wisp | 25 | |
| Archer | 38 | |
| Hippogryph | 6 | |
| Druid of the Talon | 12 | |
| Faerie Dragon | 2 | |
| Glaive Thrower | 4 | |
87 total
» upgrades
| Improved Bows | 1 | |
| Moon Armor | 2 | |
| Hippogryph Taming | 1 | |
| Ultravision | 1 | |
| Druid of the Talon Training | 2 | |
| Strength of the Moon | 3 | |
| Marksmanship | 1 | |
| Mark of the Talon | 1 | |
| Vorpal Blades | 1 | |
13 total
» buildings
| Altar of Elders | 2 | |
| Moon Well | 9 | |
| Ancient of War | 2 | |
| Tree of Ages | 3 | |
| Hunter's Hall | 3 | |
| Ancient of Wind | 2 | |
| Ancient of Wonders | 1 | |
| Tree of Eternity | 1 | |
| Ancient Protector | 3 | |
| Tree of Life | 4 | |
30 total
» build order
00:05 Altar of Elders
00:06 Moon Well
00:08 Altar of Elders
00:58 Moon Well
01:46 Ancient of War
01:47 Ancient of War
02:41 Tree of Ages
02:41 Tree of Ages
04:58 Hunter's Hall
05:02 Hunter's Hall
05:06 Moon Well
05:32 Ancient of Wind
05:45 Ancient of Wind
06:23 Ancient of Wonders
09:20 Tree of Eternity
09:39 Moon Well
12:59 Ancient Protector
13:06 Ancient Protector
13:39 Moon Well
13:46 Ancient Protector
18:32 Moon Well
19:13 Tree of Life
21:56 Tree of Life
23:47 Tree of Life
24:12 Tree of Life
32:08 Moon Well
32:36 Moon Well
32:59 Moon Well
33:35 Hunter's Hall
» items
Chat log
(00:05 / Allies) broken_english: hu opc
(00:17 / Allies) broken_english: 100 g
(00:41 / Allies) broken_english: these are teh guys that complained about drophack
(00:46 / Allies) broken_english: after we took 1 out of the game
(01:24 / Allies) broken_english: its potm again
(01:26 / Allies) broken_english: lol
(01:30 / Allies) broken_english: he just mus tdo that every game
(01:39 / Allies) gall: my hero is way late
(02:04 / Allies) broken_english: im gonna get the 200 gold item from item creep
(02:07 / Allies) broken_english: item shop creep
(02:09 / Allies) broken_english: if bm harass doesnt ruin
(02:32 / Allies) broken_english: inc u
(02:37 / Allies) broken_english: and me apparently
(03:46 / Allies) broken_english: hes oom
(04:03 / Allies) broken_english: meh he will go elf base
(04:06 / Allies) gall: owned by ponds
(05:03 / Allies) gall: oops
(06:47 / Allies) broken_english: ill staff u
(06:52 / Allies) broken_english: 3 2 1
(09:01 / All) snowwolf: fuck you
(10:04 / Allies) broken_english: sneak tower that
(10:39 / Allies) broken_english: ur visible
(10:46 / Allies) broken_english: let him
(10:47 / Allies) broken_english: and then bolt
(12:20 / Allies) broken_english: ill quick hall the expo
(12:35 / Allies) broken_english: u ge t ashredder
(13:31 / Allies) broken_english: creep reds with gryphs
(14:05 / Allies) gall: fuddled my duddle
(14:11 / Allies) gall: 3 times
(14:12 / Allies) gall: in a row
(14:14 / Allies) gall: triple kill
(14:17 / Allies) broken_english: i dotn know what htat menas
(14:22 / Allies) gall: FUMBLE
(14:24 / Allies) gall: WHAT A MISTAKE
(16:32 / Allies) broken_english: wood
(17:26 / Allies) broken_english: tp i fu have to
(17:56 / All) snowwolf: come and fight me you coward
(18:16 / All) broken_english: thats how i feel
(18:24 / All) snowwolf: youre the one who's running
(18:38 / All) broken_english: you know where my base is
(18:39 / All) broken_english: bring it
(19:21 / Allies) gall: fack my expo
(20:02 / Allies) gall: they give up
(20:22 / Allies) broken_english: lol
(20:27 / Allies) broken_english: they jsut got a big morale boose
(20:40 / Allies) gall: wod me
(20:43 / Allies) gall: lots
(22:14 / Allies) gall: i go over food now
(22:18 / Allies) gall: ?
(22:20 / Allies) broken_english: k
(22:25 / Allies) broken_english: wait
(22:26 / All) Becareful: u are so much pro guys
(22:27 / Allies) broken_english: ill gold u
(22:36 / All) broken_english: yeah this time we didnt even have to break out the disc hack
(22:44 / All) Becareful: i know
(23:13 / Allies) gall: maybe i can ambush his sh
(23:15 / Allies) gall: when it comes out
(23:38 / All) snowwolf: maphacker
(23:41 / All) snowwolf: bastard
(23:45 / All) broken_english: usa # 1 forever
(23:49 / All) broken_english: go play on the spic server
(23:58 / All) Becareful: :?
(24:10 / All) Becareful: guys,
(24:22 / All) Becareful: really u need learn to play
(24:29 / All) broken_english: get 10-0 and you ge tto 1v1 me
(24:29 / All) gall: what for
(24:31 / All) broken_english: work hard
(24:32 / All) gall: im already winning
(24:52 / All) Becareful: i can get 1000 - 0 with hacks
(24:56 / All) snowwolf: honestly what's the point of playing a game if you have to cheat with win
(24:58 / All) Becareful: theres no point playing with it
(25:00 / All) snowwolf: *cheat to win
(25:03 / All) gall: raped
(25:06 / All) broken_english: raped
(25:10 / All) Becareful: im not complaining man
(25:17 / All) Becareful: u have serious mental problems
(25:29 / All) Becareful: try to get attention from professionals
(25:37 / All) Becareful: attended*
(26:04 / All) snowwolf: you lose all credit the moment people figure out you hack, just saying, there's no honor or anything in it
(26:22 / Allies) gall: forsooth
(26:24 / All) Becareful: even people that troll on internet are better than you guys
(26:25 / Allies) gall: my thesis on warcraft
(26:26 / All) Becareful: :)
(26:27 / Allies) gall: discredited
(26:28 / All) broken_english: go back to dota
(26:30 / All) Becareful: gg and keep it hard
(26:31 / All) gall: leave already
(26:34 / All) snowwolf: lulz
(26:36 / All) broken_english: go to bed beaner
(26:36 / All) gall: raped
(26:37 / All) snowwolf: just because you said that
(26:38 / All) broken_english: pick my coffee
(26:42 / All) snowwolf: i'm sticking around
(26:45 / All) snowwolf: until you kill me
(26:48 / Allies) gall: i sure hope so
(26:50 / Allies) broken_english: lol
(27:18 / All) Becareful: i knew u guys hax since the last match
(27:26 / All) broken_english: what tipped you off sherlock
(28:15 / Allies) broken_english: gold me 1k
(28:22 / All) Becareful: man come and play the next match
(28:25 / All) Becareful: without hax
(28:31 / All) broken_english: i dont play this game all night pedro
(28:35 / All) broken_english: sorry but 2-0 is all you get
(28:37 / All) snowwolf: you're kidding right, they can't win without hacks
(28:39 / All) broken_english: we can do best of 11 next time
(28:46 / All) snowwolf: fuck off
(28:47 / All) snowwolf: come back
(28:49 / All) Becareful: hahaha pedro xD
(28:49 / All) snowwolf: without hacks
(28:51 / All) snowwolf: and we'll see
(29:03 / All) Becareful: being from Méx dont make me scum like you
(29:26 / All) Becareful: the thin that real difference people is the way of thinking
(29:33 / All) Becareful: thing*
(29:33 / All) broken_english: yeah
(29:39 / All) broken_english: they think in clear, perfect english
(29:41 / All) broken_english: or in mud talk
(29:50 / All) Becareful: someday i will see ur face crying for forgiveness
(30:00 / All) broken_english: who am i forgiving?
(30:24 / All) broken_english: the bm is dead
(30:28 / All) Becareful: u will die in a gas chamber
(30:34 / All) snowwolf: and youre a dumbshit
(30:35 / All) Becareful: or with a bullet in ur head
(30:37 / All) snowwolf: because you could have stopped that
(30:39 / All) snowwolf: starfall
(30:41 / All) snowwolf: with one move
(30:58 / All) broken_english: how many moves did it take to lose to mass air?
(31:16 / All) Becareful: dont matter how much u win this with cheats
(31:16 / All) snowwolf: didn't lose to mass air, lost to your dipshit maphack
(31:36 / All) Becareful: and try to harass people on the internet
(31:41 / All) Becareful: it is all u can do
(31:45 / All) Becareful: cuz in real life
(31:47 / All) Becareful: believe me
(31:51 / All) broken_english: says the guy who whispered me for 5 mintues after he rage pulled
(31:54 / All) gall: you are the one making death threats bean boy
(32:01 / All) Becareful: u will get a bullet in ur fucking head
(32:11 / All) Becareful: dont make ur family cry for ur loss
(32:14 / All) broken_english: i live in america
(32:16 / All) broken_english: i am safe and happy
(32:19 / All) broken_english: i will live to be 85
(32:23 / All) snowwolf: then i personally will put a bullet in your head
(32:24 / All) broken_english: hwo many of your countrymen can say that
(32:31 / All) Becareful: yeah, u have black people that will be happy to kill u
(32:51 / All) snowwolf: now are you going to come and kill me or not
(32:53 / All) Becareful: u are in a country full of mexicans
(32:55 / All) snowwolf: cuz i can do this all night
(33:03 / Allies) gall: you should have gotten invil or tp
(33:11 / All) Becareful: and it is not america
(33:14 / All) Becareful: it is usa
(33:16 / All) gall: BEANS
(33:23 / All) broken_english: pick those beans
(33:24 / All) Becareful: learn something about history
(33:27 / All) snowwolf: American's the whole continent
(33:29 / All) snowwolf: just fyi
(33:30 / All) gall: BEANS FOR BEANERS
(33:38 / All) broken_english: We speak english roudn here pard
(33:49 / All) broken_english: in mexico
(33:51 / All) snowwolf: Apparently not
(33:53 / All) broken_english: they have busses just for women
(33:57 / All) broken_english: because the dirty beaner rapist men
(34:00 / All) broken_english: cant even ride a bus with a woman
(34:02 / All) broken_english: without raping her
(34:23 / All) Becareful: dont make someone kill u man, peace